 Dungeon Crawl Stone Soup version 0.31.0-11-ge490571c62 (webtiles) character file.

Game seed: 16711214324817839965

1715 Rassilon the Insei (level 8, -3/65 HPs)
             Began as a Demonspawn Monk on Feb 1, 2024.
             Was a Priest of Wu Jian.
             Slain by a gnoll
             ... wielding a +0 halberd
             ... led by a gnoll sergeant
              (6 damage)
             ... on level 6 of the Dungeon.
             The game lasted 00:30:30 (5169 turns).

Rassilon the Insei (Demonspawn Monk)                Turns: 5169, Time: 00:30:30

Health: -3/65      AC: 12    Str: 18    XL:     8   Next: 74%
Magic:  8/8        EV: 19    Int:  9    God:    Wu Jian [***...]
Gold:   206        SH:  0    Dex: 15    Spells: 7/7 levels left

rFire   . .          .
                       - Unarmed
rCold   . . .        (no shield)
rNeg    . . .        b - +3 ring mail
rPois   .            a - +0 hat
rElec   .            l - +0 cloak
rCorr   .            o - +0 pair of gloves
SInv    .            (no boots)
Will    .....        (no amulet)
Stlth   +            (no ring)
HPRegen 0.30/turn    (no ring)
MPRegen 0.11/turn

%: no passive effects
@: mighty, agile, mesmerised, studying Dodging
A: thin metallic scales 1, demonic guardian 2, powered by pain 1, strong 1
a: Renounce Religion, Wall Jump, Serpent's Lash


You were on level 6 of the Dungeon.
You worshipped Wu Jian.
Wu Jian was most pleased with you.
You visited 2 branches of the dungeon, and saw 7 of its levels.

You collected 233 gold pieces.
You spent 27 gold pieces at shops.

Inventory:

Hand Weapons
 s - the +0 dagger of Bloodstone {spect, rF+}
   (You found it on level 3 of the Dungeon)

   rF+:       It protects you from fire.
Missiles
 f - a throwing net (quivered)
Armour
 a - a +0 hat (worn)
 b - a +3 ring mail (worn)
 d - a +1 robe of cold resistance
 l - a +0 cloak (worn)
 o - a +0 pair of gloves (worn)
Jewellery
 m - the amulet of Elemental Vulnerability {rPois rF-- rC-- AC+8}
   (You found it on level 2 of the Dungeon)

   [amulet of nothing]

   AC+8:      It affects your AC (+8).
   rF--:      It makes you very vulnerable to fire.
   rC--:      It makes you very vulnerable to cold.
   rPois:     It protects you from poison
Scrolls
 e - 2 scrolls of teleportation
Potions
 p - 2 potions of brilliance


   Skills:
 + Level 6.3 Fighting
 + Level 7.4 Dodging
 * Level 7.8 Unarmed Combat


You had 7 spell levels left.
You didn't know any spells.
Your spell library contained the following spells:

 Spells                   Type           Power      Damage    Failure   Level
 Summon Small Mammal      Summ           0%         N/A       58%         1
 Sublimation of Blood     Necr           0%         N/A       73%         2
 Call Canine Familiar     Summ           0%         N/A       91%         3
 Sigil of Binding         Hex            0%         N/A       91%         3
 Dimensional Bullseye     Hex/Tloc       0%         N/A       100%        4
 Ignite Poison            Fire/Alch      0%         N/A       100%        4
 Petrify                  Alch/Erth      0%         N/A       100%        4
 Sticky Flame             Fire/Alch      0%         2d4       100%        4
 Summon Blazeheart Golem  Fire/Summ      0%         N/A       100%        4
 Irradiate                Conj/Alch      0%         3d11      100%        5
 Ignition                 Fire           0%         3d3       100%        8


Dungeon Overview and Level Annotations

Branches:
Dungeon (6/15)             Temple (1/1) D:4

Altars:
Ashenzari
Cheibriados
Dithmenos
Fedhas
Kikubaaqudgha
Makhleb
Nemelex Xobeh
Okawaru
Qazlal
Ru
Sif Muna
Uskayaw
Wu Jian
Xom
Yredelemnul

Shops:
D:5 *(

Annotations:
D:6 Maggie


Innate Abilities, Weirdness & Mutations

You are partially covered in thin metallic scales. (AC +2)
A demonic guardian rushes to your aid.
You sometimes gain a little power by taking damage.
Your muscles are strong. (Str +4, Int/Dex -1)


Message History

You focus on the pain.
You feel very mighty all of a sudden. The gnoll hits you but does no damage.
The gnoll sergeant hits you but does no damage.
Things that are here:
a +0 flail; a gnoll corpse It was a potion of mutation.
You feel extremely strange.
You feel stronger. Maggie barely misses you. The gnoll barely misses you.
The gnoll sergeant hits you but does no damage.
You closely miss the gnoll. Maggie closely misses you. The gnoll misses you.
The gnoll sergeant barely misses you.
You closely miss the gnoll. Maggie completely misses you. The gnoll misses you.
The gnoll sergeant misses you.
You closely miss the gnoll. Maggie barely misses you.
The gnoll barely misses you.
The gnoll sergeant hits you with a +0 spear.
You hit the gnoll.
The gnoll is lightly wounded.
The gnoll completely misses you. Maggie hits you but does no damage.
The gnoll sergeant hits you with a +0 spear.
* * * LOW HITPOINT WARNING * * *
Unknown command.
There is nothing to wall jump against here.
You punch the gnoll sergeant!
The gnoll sergeant is moderately wounded.
Maggie hits you but does no damage. The gnoll hits you with a +0 halberd!
* * * LOW HITPOINT WARNING * * *
A demonic guardian appears!
You focus on the pain.
You feel agile all of a sudden. The gnoll sergeant closely misses you.
Okay, then.
You punch the gnoll sergeant!
The gnoll sergeant is severely wounded.
You closely miss the gnoll sergeant. You punch the gnoll sergeant.
The gnoll sergeant is almost dead.
Maggie hits you from afar with a +0 glaive.
* * * LOW HITPOINT WARNING * * *
The gnoll hits you with a +0 halberd.
You die...

#.## #..##.####...... ##.#
#..##........... #..#
#..###.......... .#####.###
#..###..........
..........###..##..........#
.##..####..#...##.........##
##. ##..4.............# ...#
##.#####........### .....#
##@# ###......### # #..#
#gg# #......).. #! #..###@##
#.####..##. ##.. #..#..# #..
#..### ...# ##....# #. #..#
# ....######..##..# ##.#
#...##...####.... #.#
#........## ##.... ..#
#.....)...# .... ..#


You could see Maggie (mesmerising), a gnoll sergeant (ally target), a gnoll and
a friendly ice devil (summoned).

Vanquished Creatures
  Sigmund (D:5)
  An ice beast (D:5)
  A lemure (D:4)
  Blork the orc (D:5)
  A scorpion (D:5)
  A bombardier beetle (D:5)
  3 jellies
  3 orc priests (D:4)
  4 hounds
  An iguana (D:5)
  5 orc wizards
  7 gnolls (D:6)
  3 adders
  3 dart slugs
  2 ribbon worms (D:2)
  18 orcs
  6 endoplasms
  A giant cockroach (D:2)
  12 goblins
  5 hobgoblins
  7 jackals
  6 quokkas
  8 ball pythons
  A frilled lizard (D:3)
  4 kobolds
  8 rats
113 creatures vanquished.

Vanquished Creatures (collateral kills)
  Pikel (D:4)
  Grinder (D:4)
  An orc wizard (D:4)
  2 orcs (D:4)
  An endoplasm (D:1)
  A kobold (D:1)
7 creatures vanquished.

Grand Total: 120 creatures vanquished

Notes
Turn   | Place    | Note
-------+----------+-------------------------------------------
     0 | D:1      | Rassilon the Demonspawn Monk began the quest for the Orb.
     0 | D:1      | Reached XP level 1. HP: 18/18 MP: 1/1
   314 | D:1      | Gained mutation: A weak demonic guardian rushes to your
                  | aid. [demonic ancestry]
   314 | D:1      | Reached XP level 2. HP: 19/24 MP: 2/2
   521 | D:1      | Gained mutation: You are partially covered in thin metallic
                  | scales. (AC +2) [demonic ancestry]
   521 | D:1      | Reached XP level 3. HP: 16/29 MP: 3/3
  1330 | D:2      | Found a burning altar of Makhleb.
  1377 | D:2      | Found the amulet of Elemental Vulnerability {rPois rF--
                  | rC-- AC+8}
  1443 | D:2      | Reached XP level 4. HP: 35/35 MP: 4/4
  1773 | D:3      | You fall into a shaft and drop 3 floors!
  1793 | D:5      | Entered Level 5 of the Dungeon
  1979 | D:3      | Found a burning altar of Makhleb.
  2179 | D:3      | Identified the +0 dagger of Bloodstone {spect, rF+}
  2586 | D:4      | Identified a scroll of acquirement
  2586 | D:4      | Acquired a manual of Dodging
  2588 | D:4      | Found a staircase to the Ecumenical Temple.
  2599 | Temple   | Entered the Ecumenical Temple
  2606 | Temple   | Became a worshipper of the Wu Jian Council
  2606 | Temple   | Reached * piety under Wu Jian
  2606 | Temple   | Reached ** piety under Wu Jian
  2690 | D:4      | Reached XP level 5. HP: 42/42 MP: 5/5
  3097 | D:4      | Gained mutation: A demonic guardian rushes to your aid.
                  | [demonic ancestry]
  3097 | D:4      | Reached XP level 6. HP: 47/48 MP: 6/6
  3110 | D:4      | Noticed Grinder
  3111 | D:4      | Paralysed by Grinder for 4 turns
  3135 | D:4      | Paralysed by Grinder for 4 turns
  3145 | D:4      | Paralysed by Grinder for 3 turns
  3158 | D:4      | Paralysed by Grinder for 4 turns
  3165 | D:4      | Killed Grinder
  3166 | D:4      | Reached skill level 5 in Unarmed Combat
  3521 | D:4      | Found a blossoming altar of Fedhas.
  3522 | D:4      | Noticed Pikel
  3540 | D:4      | Killed Pikel
  3541 | D:4      | Reached skill level 5 in Fighting
  3541 | D:4      | Reached XP level 7. HP: 17/56 MP: 7/7
  3700 | D:4      | Found an ancient bone altar of Kikubaaqudgha.
  3804 | D:4      | Gained mutation: You sometimes gain a little power by
                  | taking damage. [demonic ancestry]
  3804 | D:4      | Reached XP level 8. HP: 61/63 MP: 8/8
  4062 | D:5      | Noticed Blork the orc
  4070 | D:5      | Killed Blork the orc
  4305 | D:5      | Found Weonyts's Weapon Shoppe.
  4307 | D:5      | Found Zuin's Assorted Antiques.
  4308 | D:5      | Found Syuh's Armour Shoppe.
  4319 | D:5      | Bought a scroll labelled ZOYXKY NUURINT for 27 gold pieces
  4553 | D:5      | Noticed Sigmund
  4569 | D:5      | Killed Sigmund
  4804 | D:5      | Found an iron altar of Okawaru.
  5038 | D:6      | Reached *** piety under Wu Jian
  5137 | D:6      | Noticed Maggie
  5162 | D:6      | Gained mutation: Your muscles are strong. (Str +4, Int/Dex
                  | -1) [potion of mutation]
  5169 | D:6      | HP: 3/65 [Maggie/+0 glaive (2)]
  5169 | D:6      | Slain by a gnoll

Illustrated notes

Levels and vault maps discovered:
D:1:      dpeg_arrival_circle_labyrinth_c, layout_basic
D:2:      layout_basic, basic_altar
D:3:      layout_basic, mainiacjoe_overflow_tiny_flanked, minmay_box_of_dots
D:4:      layout_gridville, grunt_temple_overflow_growth_and_decay,
          minmay_temple_entry_mist, uniq_pikel, uniq_grinder
D:5:      layout_basic, lemuel_crystal_altar, mainiacjoe_overflow_alcove_4,
          nicolae_wooded_promenade, uniq_sigmund, uniq_blork_the_orc
D:6:      layout_layer_cave, uniq_duvessa, uniq_maggie
Temple:   nicolae_temple_ecumenical_triangle

Skill      XL: |  1  2  3  4  5  6  7  8 |
---------------+-------------------------+-----
Unarmed Combat | 3 4 6 7 |  7.8
Dodging        | 3 4 6 7 |  7.4
Fighting       | 4 5 6 |  6.3

Action                     |  1- 3 |  4- 6 |  7- 9 || total
---------------------------+-------+-------+-------++-------
  Melee: Unarmed           |   206 |    97 |   193 ||   496
         Punch             |     3 |     9 |    18 ||    30
         Dagger            |       |   131 |       ||   131
Ability: Lunge             |       |     8 |    10 ||    18
         Whirlwind         |       |    52 |    33 ||    85
         Wall Jump         |       |    10 |     1 ||    11
    Use: Scroll            |       |    12 |     3 ||    15
         Potion            |       |     6 |     2 ||     8
   Stab: Distracted        |       |     4 |       ||     4
 Armour: Robe              |    82 |    81 |       ||   163
         Ring mail         |       |    65 |   105 ||   170
  Dodge: Dodged            |   133 |   128 |   110 ||   371
